 Dungeon Crawl Stone Soup version 0.18-a0-990-g74cdb39 (webtiles) character file.

51 M4edhros the Charlatan (level 3, -2/23 HPs)
             Began as an Octopode Artificer on Jan 4, 2016.
             Slain by M4edhros's ghost (4 damage)
             ... on level 4 of the Dungeon.
             The game lasted 00:01:10 (718 turns).

M4edhros the Charlatan (Octopode Artificer)          Turns: 718, Time: 00:01:10

Health: -2/23      AC:  1    Str: 10    XL:     3   Next: 81%
Magic:  5/5        EV: 13    Int: 15    God:
Gold:   69         SH:  0    Dex: 12    Spells: 0 memorised, 2 levels left

rFire  . . .     SeeInvis .     a - +0 short sword
rCold  . . .     Gourm    .     (no shield)
rNeg   . . .     Faith    .     (helmet restricted)
rPois  .         Spirit   .     (no amulet)
rElec  .         Dismiss  .     n - ring of flight
rCorr  .         Reflect  .     (no ring)
SustAt .         Harm     .     (no ring)
MR     .....                    (no ring)
Stlth  +++.......               (no ring)
                                (no ring)
                                (no ring)
                                (no ring)

@: not resistant to hostile enchantments, fairly stealthy
A: almost no armour, amphibious, 8 rings, constrict 8, camouflage 1, gelatinous
body 1
a: Evoke Flight


You were on level 4 of the Dungeon.
You were not hungry.

You visited 1 branch of the dungeon, and saw 3 of its levels.

You collected 69 gold pieces.

Inventory:

Hand Weapons
 a - a +0 short sword (weapon)
Missiles
 j - 44 stones (quivered)
 q - 15 exploding sling bullets
Jewellery
 n - a ring of flight (left tentacle)
Wands
 b - a wand of flame (9/48)
 c - a wand of enslavement (13/24)
 d - a wand of random effects (14/48)
 p - a wand of magic darts (33/48)
Scrolls
 e - a scroll of amnesia {unknown}
 g - a scroll of enchant armour {unknown}
 h - 2 scrolls of remove curse {unknown}
 i - 4 scrolls of identify {unknown}
 l - a scroll of enchant weapon {unknown}
 m - a scroll of teleportation {unknown}
 o - a scroll of immolation {unknown}
Potions
 k - a potion of brilliance {unknown}
Comestibles
 f - a bread ration


   Skills:
 - Level 1.0 Fighting
 - Level 1.0 Short Blades
 * Level 2.8 Dodging
 * Level 3.3 Stealth
 + Level 3.8 Evocations


You had 2 spell levels left.
You didn't know any spells.

Dungeon Overview and Level Annotations

Branches:
Dungeon (2/15)

Altars:
Nemelex Xobeh

Annotations:
D:2 Sigmund
D:4 M4edhros's ghost, amateur OpAr; Pikel


Innate Abilities, Weirdness & Mutations

You cannot wear most types of armour.
You are amphibious.
You can wear up to eight rings at the same time.
You can use your tentacles to constrict eight enemies at once.
Your skin changes colour to match your surroundings (Stealth).
Your rubbery body absorbs attacks (AC +1).


Message History

Zapping:
b - a wand of flame (12/48)
Press: ? - help, Shift-Dir - straight line, f/p - M4edhros's ghost
Aim: M4edhros's ghost (almost destroyed)
The puff of flame misses M4edhros's ghost.
This wand has 11 charges left.
M4edhros's ghost closely misses you.
Evoke which item? (* to show all) (? for menu, Esc to quit)
Zapping:
b - a wand of flame (11/48)
Press: ? - help, Shift-Dir - straight line, f/p - M4edhros's ghost
Aim: M4edhros's ghost (almost destroyed)
The puff of flame misses M4edhros's ghost.
This wand has 10 charges left.
M4edhros's ghost hits you!
* * * LOW HITPOINT WARNING * * *
Evoke which item? (* to show all) (? for menu, Esc to quit)
Zapping:
b - a wand of flame (10/48)
Press: ? - help, Shift-Dir - straight line, f/p - M4edhros's ghost
Aim: M4edhros's ghost (almost destroyed)
The puff of flame hits M4edhros's ghost.
M4edhros's ghost is almost destroyed.
This wand has 9 charges left.
M4edhros's ghost hits you.
You die...

......................#
..#............######.#
.....†.........#....#.#
.†..########...#.##.#.# ....
....########.......(#.##.....
.......................'....>
.....................###...
...#########.#.#.###.##...
...............#@###..#.#
..##.........###.W....@.#
..##.........#.....##'###
..##.........#.....#......#
..##...._....'$.)..+.........
####.........#.....#.........
#######...#.....#.#+##....
#.........#.....#. ....
#.........#.....#. ...


You could see Edmund and M4edhros's ghost.

Vanquished Creatures
  An adder (D:4)
  2 oozes (D:1)
  2 giant geckos (D:4)
  2 bats (D:1)
  A giant cockroach (D:4)
  3 goblins (D:1)
  A giant gecko skeleton (D:4)
  3 kobolds (D:1)
  3 rats (D:1)
18 creatures vanquished.

Vanquished Creatures (others)
  A slave (D:4)
  A centaur skeleton (D:4)
2 creatures vanquished.

Grand Total: 20 creatures vanquished

Notes
Turn   | Place    | Note
--------------------------------------------------------------
     0 | D:1      | M4edhros the Octopode Artificer began the quest for the Orb.
     0 | D:1      | Reached XP level 1. HP: 13/13 MP: 3/3
    99 | D:1      | Reached XP level 2. HP: 6/18 MP: 4/4
   528 | D:2      | Noticed Sigmund
   529 | D:2      | Found a faded altar to an unknown god.
   532 | D:2      | You fall through a shaft for 2 floors!
   534 | D:4      | Noticed a slave
   534 | D:4      | Noticed a slave
   535 | D:4      | Noticed Pikel
   593 | D:4      | Found a sparkling altar of Nemelex Xobeh.
   599 | D:4      | Reached XP level 3. HP: 21/23 MP: 5/5
   703 | D:4      | Noticed M4edhros's ghost (amateur OpAr)
   718 | D:4      | Slain by M4edhros's ghost

Vault maps used:
D:1:      minmay_arrival_split_and_join, serial_forest,
          infiniplex_forest_lined_room_, infiniplex_forest_corner_1,
          infiniplex_forest_straight_4, infiniplex_forest_lined_room_3,
          infiniplex_forest_clump_long, infiniplex_forest_lined_1,
          infiniplex_forest_clump_long, infiniplex_forest_lined_room_2,
          infiniplex_forest_zigzag_2
D:2:      lemuel_round_altar, ecumenical_altar_1, uniq_iyjb, uniq_sigmund,
          uniq_natasha
D:4:      overflow_temple_1_default, first_bread, uniq_pikel, uniq_edmund

Action                   || total
-------------------------++-------
Melee: Short sword       ||    39
Evoke: Wand              ||     9
 Stab: Sleeping          ||     6
